 Dungeon Crawl Stone Soup version 0.25.0-15-gac7dcb8919 (webtiles) character file.

Game seed: 11349910387719409105

26 Curus the Skirmisher (level 3, -15/31 HPs)
             Began as a Hill Orc Abyssal Knight on June 29, 2020.
             Was an Initiate of Lugonu.
             Demolished by an orc priest
             ... wielding a +1 hand axe of electrocution
              (19 damage)
             ... on level 3 of the Dungeon.
             The game lasted 00:04:42 (1071 turns).

Curus the Skirmisher (Hill Orc Abyssal Knight)      Turns: 1071, Time: 00:04:43

Health: -15/31     AC:  5    Str: 14    XL:     3   Next: 8%
Magic:  5/5        EV: 10    Int: 12    God:    Lugonu [......]
Gold:   15         SH:  0    Dex: 11    Spells: 2/2 levels left

rFire    . . .     SeeInvis .   a - +1 mace
rCold    . . .     Gourm    .   (no shield)
rNeg     . . .     Faith    .   e - +0 ring mail
rPois    .         Spirit   .   (no helmet)
rElec    .         Reflect  .   (no cloak)
rCorr    .         Harm     .   (no gloves)
MR       .....                  (no boots)
Stlth    +.........             (no amulet)
HPRegen  0.10/turn              (no ring)
MPRegen  0.09/turn              (no ring)

@: no status effects
A: no striking features
a: Renounce Religion, Convert to Beogh


You were on level 3 of the Dungeon.
You worshipped Lugonu.
Lugonu was noncommittal.
You were not hungry.

You visited 1 branch of the dungeon, and saw 3 of its levels.
You visited the Abyss 1 time.

You collected 15 gold pieces.

Inventory:

Hand Weapons
 a - a +1 mace (weapon)
Armour
 b - a +0 leather armour
 e - a +0 ring mail (worn)
Scrolls
 f - a scroll of amnesia
Comestibles
 c - 5 rations
 d - a chunk of flesh


   Skills:
 - Level 3.6 Fighting
 + Level 3.1 Maces & Flails
 - Level 2.1 Armour
 - Level 0.7 Dodging
 + Level 3.6 Invocations


You had 2 spell levels left.
You didn't know any spells.
Your spell library was empty.

Dungeon Overview and Level Annotations

Branches:
Dungeon (3/15)

Altars:
Gozag


Message History

The orc priest hits you but does no damage.
The orc hits you with a +0 club.
You hit the orc priest but do no damage.
The orc priest is moderately wounded.
The orc priest shouts, "Join the one true god or die!"
The orc priest hits you but does no damage.
The orc barely misses you.
You hit the orc priest but do no damage.
The orc priest is moderately wounded.
The orc priest hits you with a +1 hand axe of electrocution.
The orc hits you with a +0 club.
* * * LOW HITPOINT WARNING * * *
You barely miss the orc priest.
The orc priest is moderately wounded.
The orc closely misses you.
The orc priest hits you with a +1 hand axe of electrocution.
* * * LOW HITPOINT WARNING * * *
You are electrocuted!!
Ouch! That really hurt!
You die...

######....####.
...........(...
######....#####
#....# ####.###
##.....## ##
#.8...8.# .# #
#.....((### .#.#
#....._...o@##...#
..#.......#o..)..#
...#.8...8.#.###..#
.. ##.....##.# .#
###.###.%# .# ...
...# .. .... ....#
.. #. .....# .
#######


You could see an orc priest and an orc.

Vanquished Creatures
  An adder (D:2)
  A dart slug (D:1)
  2 orcs (D:3)
  A giant cockroach (D:1)
  4 goblins (D:1)
  A kobold (D:3)
  A bat (D:1)
  A frilled lizard (D:2)
  2 rats (D:1)
14 creatures vanquished.

Notes
Turn   | Place    | Note
-------+----------+-------------------------------------------
     0 | Abyss:1  | Curus the Hill Orc Abyssal Knight began the quest for the
                  | Orb.
     0 | Abyss:1  | Reached XP level 1. HP: 19/19 MP: 2/2
    50 | Abyss:1  | Noticed a quasit
    51 | Abyss:1  | Noticed a lich
    53 | D:1      | Escaped the Abyss
   412 | D:1      | Reached XP level 2. HP: 26/26 MP: 2/4
  1039 | D:3      | Found an opulent altar of Gozag.
  1056 | D:3      | Reached XP level 3. HP: 31/31 MP: 5/5
  1071 | D:3      | Demolished by an orc priest

Illustrated notes

Levels and vault maps discovered:
D:1:      psy_arrival_dodecagon, layout_basic, minmay_misc_feat_alley
D:2:      kennysheep_six_static_rooms, layout_loops_cross,
          chequers_ecumenical_altar_simple, xom_redecorated
D:3:      layout_basic, grunt_gozag_statues, uniq_robin, uniq_sigmund

Skill      XL: |  1  2 |
---------------+-------+-----
Invocations    | 3 |  3.6
Maces & Flails | 3 |  3.1
Fighting       | |  3.6
Armour         | |  2.1
Dodging        | |  0.7

Action                   || total
-------------------------++-------
Melee: Mace              ||    46
Invok: Depart the Abyss  ||     1
  Use: Scroll            ||     4
       Potion            ||     5
Armor: Leather armour    ||     1
       Ring mail         ||    20
Dodge: Dodged            ||    21
